 Dungeon Crawl Stone Soup version 0.21-a0-225-g207ae17 (webtiles) character file.

3006 tidbits the Fighter (level 9, 0/111 HPs)
             Began as a Yellow Draconian Wanderer on Aug 28, 2017.
             Was a Follower of Cheibriados.
             Slain by a troll (4 damage)
             ... on level 9 of the Dungeon.
             The game lasted 00:46:00 (4333 turns).

tidbits the Fighter (Yellow Draconian Wanderer)     Turns: 4333, Time: 00:46:00

Health: 0/111      AC: 31    Str: 18    XL:     9   Next: 54%
Magic:  1/12       EV:  2    Int: 15    God:    Cheibriados [*.....]
Gold:   337        SH:  9    Dex: 15    Spells: 4/13 levels left

rFire    . . .     SeeInvis .   Q - +2 dagger (protect)
rCold    . . .     Gourm    .   D - +0 buckler
rNeg     + + +     Faith    .   (armour unavailable)
rPois    +         Spirit   .   (helmet currently unavailable)
rElec    .         Reflect  +   (cloak currently unavailable)
rCorr    .         Harm     .   (gloves currently unavailable)
MR       .....     Clarity  +   (boots currently unavailable) Stlth +.........NoTele +
                                R - +3 amulet of reflection
HPRegen  0.28/turn              (no ring)
MPRegen  0.13/turn              (no ring)

@: tree-form (expiring), protection aura, very slow
A: (spit acid), (acid resistance), unfitting armour, clarity, dopey 1, frail 1,
AC +7
a: Bend Time, Renounce Religion


You were on level 9 of the Dungeon.
You worshipped Cheibriados.
Cheibriados was aware of your devotion.
You were hungry.
You were a tree.
You visited 2 branches of the dungeon, and saw 10 of its levels.

You collected 337 gold pieces.

Inventory:

Hand Weapons
 a - a +2 whip of freezing
   (You took it off a gnoll on level 8 of the Dungeon)
 b - a +0 hunting sling
 c - a +0 falchion
 g - a +2 dagger of flaming
   (You found it on level 5 of the Dungeon)
 i - a +0 falchion
 p - a +2 mace
 x - a +1 morningstar
 A - a +0 shortbow
 C - a +0 scythe of protection
   (You took it off Sigmund on level 4 of the Dungeon)
 G - a +0 dire flail
 N - a +0 hunting sling
 O - a +0 blowgun
 Q - a +2 dagger of protection (weapon)
   (You took it off an orc wizard on level 8 of the Dungeon)
 S - a +2 halberd
Missiles
 m - 60 sling bullets
 t - 162 arrows
 w - 44 poisoned needles
Armour
 D - a +0 buckler (worn)
 M - a +0 shield
 T - a +0 robe
Jewellery
 R - a +3 amulet of reflection (around neck)
   (You found it on level 8 of the Dungeon)
Wands
 j - a wand of confusion (0/48)
 I - a wand of digging (10/24)
Scrolls
 e - 3 scrolls of amnesia
 f - 2 scrolls of enchant weapon
 n - 2 scrolls of random uselessness {unknown}
 u - a scroll of noise {unknown}
 v - a scroll of brand weapon {unknown}
 y - a scroll of vulnerability {unknown}
 z - a scroll of teleportation {unknown}
 B - 2 scrolls of blinking
 E - a scroll of identify
 K - 2 scrolls of remove curse
Potions
 q - a potion of agility
 r - a potion of curing
 s - 2 potions of haste
 J - a potion of degeneration {unknown}
 L - 3 potions of brilliance
Books
 d - a book of Necromancy
   (You found it on level 8 of the Dungeon)

   Spells                             Type                      Level
   a - Pain                           Necromancy                   1
   b - Animate Skeleton               Necromancy                   1
   c - Vampiric Draining              Necromancy                   3
   d - Regeneration                   Charms/Necromancy            3
   e - Animate Dead                   Necromancy                   4
   f - Control Undead                 Necromancy                   4
 o - a book of Cantrips
   (You found it on level 4 of the Dungeon)

   Spells                             Type                      Level
   a - Confusing Touch                Hexes                        1
   b - Animate Skeleton               Necromancy                   1
   c - Summon Small Mammal            Summoning                    1
   d - Apportation                    Translocation                1
 H - a book of Misfortune
   (You found it on level 7 of the Dungeon)

   Spells                             Type                      Level
   a - Confusing Touch                Hexes                        1
   b - Confuse                        Hexes                        3
   c - Gell's Gravitas                Translocation                3
   d - Petrify                        Transmutation/Earth          4
   e - Metabolic Englaciation         Hexes/Ice                    5
   f - Yara's Violent Unravelling     Hexes/Transmutation          5
Comestibles
 h - 4 royal jellies
 k - a meat ration
 F - 6 bread rations


   Skills:
 - Level 9.0 Fighting
 - Level 2.0 Maces & Flails
 - Level 1.7 Throwing
 - Level 6.0 Dodging
 - Level 6.0 Shields
 - Level 2.0 Unarmed Combat
 - Level 2.6 Spellcasting
 - Level 2.6 Charms
 - Level 3.2 Necromancy
 + Level 1.9 Invocations


You had 4 spell levels left.
You knew the following spells:

 Your Spells              Type           Power        Failure   Level  Hunger
a - Apportation           Tloc           #.....       22%         1    #......
m - Summon Small Mammal   Summ           #...         22%         1    #......
n - Animate Skeleton      Necr           N/A          5%          1    #......
r - Regeneration          Chrm/Necr      ##........   19%         3    ###....
v - Vampiric Draining     Necr           ##........   16%         3    ###....


Dungeon Overview and Level Annotations

Branches:
Dungeon (9/15)             Temple (1/1) D:4
   Lair: D:8-11         Orc: D:9-12

Altars:
Ashenzari
Cheibriados
Elyvilon
Fedhas
Gozag
Hepliaklqana
Kikubaaqudgha
Makhleb
Nemelex Xobeh
Okawaru
Ru
Sif Muna
Trog
Uskayaw
Vehumet
Wu Jian
Xom
Yredelemnul
Zin


Innate Abilities, Weirdness & Mutations

((You can spit globs of acid.))
((You are resistant to acid.))
((Your golden yellow scales are hard. (AC +7)))
You cannot fit into any form of body armour.
((You are cold-blooded and may be slowed by cold attacks.))
You possess an exceptional clarity of mind.
You are dopey. (Int -2)
You are frail. (-10% HP)
((You are resistant to electric shocks. (rElec)))


Message History

The troll is almost dead.
The troll bites you.
* * * LOW HITPOINT WARNING * * *
You block the troll's attack. The troll claws you but does no damage.
You hit the troll.
The troll is almost dead.
You block the troll's attack. The troll claws you but does no damage.
The troll claws you.
* * * LOW HITPOINT WARNING * * *
You barely miss the troll.
The troll is almost dead.
You block the troll's attack.
The troll claws you but does no damage. x2
You completely miss the troll.
The troll is almost dead.
The troll bites you!
* * * LOW HITPOINT WARNING * * *
You block the troll's attack. The troll claws you but does no damage.
You hit the troll.
The troll is almost dead.
You block the troll's attack.
The troll claws you but does no damage. x2
You closely miss the troll.
The troll is almost dead.
The troll bites you but does no damage.
The troll claws you but does no damage. x2
You closely miss the troll.
The troll is almost dead.
The troll bites you but does no damage. You block the troll's attack.
The troll claws you but does no damage.
You barely miss the troll.
The troll is almost dead.
The troll bites you but does no damage. The troll barely misses you.
The troll claws you.
* * * LOW HITPOINT WARNING * * *
Okay, then.
You barely miss the troll.
The troll is almost dead.
The troll completely misses you. The troll claws you but does no damage.
You block the troll's attack.
You hit the troll but do no damage.
Your weapon exudes an aura of protection.
The troll is almost dead.
The troll bites you.
* * * LOW HITPOINT WARNING * * *
You block the troll's attack. The troll claws you but does no damage.
You feel much better. You block the troll's attack. x3
You hit the troll.
The troll is almost dead.
The troll barely misses you. You block the troll's attack. x2
You hit the troll.
The troll is almost dead.
You block the troll's attack.
The troll claws you but does no damage. x2
You hit the troll but do no damage.
The troll is almost dead.
The troll bites you but does no damage. The troll claws you but does no damage.
You block the troll's attack.
You hit the troll.
The troll is almost dead.
The troll bites you!
* * * LOW HITPOINT WARNING * * *
The troll claws you.
* * * LOW HITPOINT WARNING * * *
You block the troll's attack.
Your magical contamination has completely faded away.
You completely miss the troll.
The troll is almost dead.
The troll bites you but does no damage. The troll claws you!
* * * LOW HITPOINT WARNING * * *
The troll claws you but does no damage.
Okay, then.
You barely miss the troll.
The troll is almost dead.
You block the troll's attack. The troll claws you but does no damage.
You block the troll's attack. The flow of time bends around you.
The troll resists with some effort.
You feel slightly more hungry.
Your transformation is almost over.
The troll bites you.
* * * LOW HITPOINT WARNING * * *
The troll claws you but does no damage. x2
You hit the troll.
The troll is almost dead.
You block the troll's attack.
The troll claws you but does no damage. x2
You barely miss the troll.
The troll is almost dead.
The troll bites you but does no damage. The troll claws you.
* * * LOW HITPOINT WARNING * * *
The troll claws you but does no damage.
You feel better. The troll bites you but does no damage.
The troll barely misses you. You block the troll's attack.
You hit the troll.
The troll is almost dead.
The troll bites you.
* * * LOW HITPOINT WARNING * * *
The troll claws you but does no damage. The troll claws you.
* * * LOW HITPOINT WARNING * * *
You hit the troll.
The troll is almost dead.
The troll bites you!
* * * LOW HITPOINT WARNING * * *
You block the troll's attack. The troll claws you.
You die...

#......... #......
#......... #......
#......... #......
#.........###......
#..................
..................
#.......####......
####.# #..# #......
#...♣# #..# #......
#.##T## #..# #......
##.#...###..# #......
......_(.....# #......
..###...#.##.####..####
.. ##.##.##.......# #.
#....##.###...# #.
#.#####.# #...# ..# #.#
#...#


You could see a troll.

Vanquished Creatures
  Sigmund (D:4)
  Menkaure (D:6)
  A black bear (D:8)
  3 orc warriors
  2 phantoms
  An ogre (D:4)
  4 centaurs
  A big kobold (D:8)
  5 bullfrogs
  2 gnoll sergeants
  A wyvern skeleton (D:6)
  A water moccasin skeleton (D:5)
  A howler monkey (D:8)
  4 wights (D:8)
  3 crimson imps
  4 hounds
  5 orc priests
  2 centaur skeletons
  6 orc wizards
  2 worker ants
  16 gnolls
  10 adders
  2 adder zombies
  2 worms
  2 dart slugs
  7 leopard geckos
  24 orcs
  4 bats
  5 giant cockroaches
  4 goblins
  6 hobgoblins
  7 jackals (D:4)
  11 kobolds
  A quokka (D:8)
  5 frilled lizards
  A leopard gecko skeleton (D:8)
  4 rats
161 creatures vanquished.

Vanquished Creatures (others)
  A bush (D:7)
1 creature vanquished.

Grand Total: 162 creatures vanquished

Notes
Turn   | Place    | Note
-------+----------+-------------------------------------------
     0 | D:1      | tidbits the Draconian Wanderer began the quest for the Orb.
     0 | D:1      | tidbits set off with: a +2 mace, a +0 falchion, a potion of curing, a bread ration
     0 | D:1      | Reached XP level 1. HP: 19/19 MP: 1/1
    47 | D:1      | HP: 2/20 [hobgoblin/club (4)]
    52 | D:1      | Reached skill level 4 in Fighting
    52 | D:1      | Reached XP level 2. HP: 9/27 MP: 2/2
   323 | D:3      | Reached XP level 3. HP: 9/34 MP: 3/3
   432 | D:1      | Reached skill level 5 in Fighting
   597 | D:2      | Found a deep blue altar of Sif Muna.
   605 | D:2      | Found a hazy altar of Hepliaklqana.
   701 | D:3      | Reached XP level 4. HP: 20/42 MP: 4/4
   775 | D:4      | Learned a level 1 spell: Animate Skeleton
   903 | D:4      | Learned a level 1 spell: Apportation
   922 | D:4      | Reached skill level 1 in Necromancy
  1064 | D:4      | Noticed an ogre
  1076 | D:4      | Killed an ogre
  1076 | D:4      | Reached skill level 3 in Necromancy
  1076 | D:4      | Reached XP level 5. HP: 24/48 MP: 5/5
  1168 | D:4      | Noticed Sigmund
  1190 | D:4      | Found a glowing silver altar of Zin.
  1220 | D:4      | Killed Sigmund
  1220 | D:4      | Reached skill level 6 in Fighting
  1220 | D:4      | Reached skill level 2 in Dodging
  1220 | D:4      | Reached XP level 6. HP: 10/57 MP: 6/6
  1430 | D:5      | Entered Level 5 of the Dungeon
  1440 | D:5      | Reached skill level 3 in Dodging
  1526 | D:5      | Your scales start taking on a golden yellow colour.
  1526 | D:5      | Reached XP level 7. HP: 49/64 MP: 7/7
  1775 | D:6      | Reached skill level 7 in Fighting
  1775 | D:6      | Reached skill level 4 in Dodging
  1862 | D:6      | Noticed Menkaure
  1872 | D:6      | Killed Menkaure
  2154 | D:7      | Gained mutation: You are resistant to electric shocks. (rElec) [potion of mutation]
  2154 | D:7      | Gained mutation: You are dopey. (Int -2) [potion of mutation]
  2154 | D:7      | Gained mutation: You are frail. (-10% HP) [potion of mutation]
  2154 | D:7      | Gained mutation: You possess an exceptional clarity of mind. [potion of mutation]
  2164 | D:7      | Reached skill level 8 in Fighting
  2164 | D:7      | Reached skill level 5 in Dodging
  2164 | D:7      | Reached XP level 8. HP: 24/66 MP: 8/8
  2187 | D:7      | Learned a level 1 spell: Summon Small Mammal
  2280 | D:8      | Learned a level 3 spell: Regeneration
  2295 | D:8      | Reached skill level 1 in Charms
  2317 | D:8      | Found a white marble altar of Elyvilon.
  2336 | D:8      | Reached skill level 1 in Spellcasting
  2463 | D:7      | Reached skill level 2 in Spellcasting
  2463 | D:7      | Reached skill level 2 in Charms
  2692 | D:7      | Reached skill level 1 in Shields
  2695 | D:7      | Reached skill level 2 in Shields
  2749 | D:7      | Learned a level 3 spell: Vampiric Draining
  2832 | D:6      | Reached skill level 3 in Shields
  2913 | D:6      | Reached skill level 4 in Shields
  3082 | D:5      | Found a blossoming altar of Fedhas.
  3142 | D:5      | Reached skill level 5 in Shields
  3142 | D:5      | Reached XP level 9. HP: 19/72 MP: 12/12
  3418 | D:4      | Found a bloodstained altar of Trog.
  3457 | D:4      | Found a staircase to the Ecumenical Temple.
  3467 | Temple   | Entered the Ecumenical Temple
  3583 | Temple   | Became a worshipper of Cheibriados the Contemplative
  3825 | D:8      | Reached skill level 6 in Shields
  4011 | D:8      | Reached * piety under Cheibriados
  4122 | D:8      | Reached skill level 6 in Dodging
  4135 | D:8      | Reached skill level 9 in Fighting
  4181 | D:9      | Reached skill level 1 in Invocations
  4234 | D:9      | Noticed a troll
  4274 | D:9      | Found an ornate altar of the Wu Jian Council.
  4330 | D:9      | HP: 9/111 [troll (5)]
  4333 | D:9      | HP: 4/111 [troll (11)]
  4333 | D:9      | Slain by a troll

Vault maps used:
D:1:      minmay_arrival_shoal_huts, minmay_small_reverse_x
D:2:      minitemple
D:4:      kennysheep_little_box, old_standard_altar, temple_hall, first_bread,
          minmay_goblin_outpost, uniq_sigmund
D:5:      nicolae_overflow_hidden_temple, guppyfry_shop_venom
D:6:      uniq_menkaure
D:7:      grunt_livestock, kb_lookout_dungeons_type
D:8:      elyvilon_altar_4
D:9:      nicolae_overflow_crystal_walls
Temple:   regret_index_temple_sphere_string

Skill      XL: |  1  2  3  4  5  6  7  8  9 |
---------------+----------------------------+-----
Fighting       | 4 5 6 8 9 |  9.0
Necromancy     | 3 |  3.2
Dodging        | 2 3 5 6 |  6.0
Charms         | 2 |  2.6
Spellcasting   | 2 |  2.6
Shields        | 5 6 |  6.0
Invocations    | 1 |  1.9
Maces & Flails | |  2.0
Throwing       | |  1.7
Unarmed Combat | |  2.0

Action                   |  1- 3 |  4- 6 |  7- 9 || total
-------------------------+-------+-------+-------++-------
Melee: Mace              |    97 |    71 |       ||   168
       Tailslap          |     9 |    13 |    60 ||    82
       Scythe            |       |    43 |   150 ||   193
       Whip              |       |       |   287 ||   287
       Dagger            |       |       |    25 ||    25
 Fire: Hunting sling     |       |       |     4 ||     4
Throw: Throwing net      |       |       |     1 ||     1
 Cast: Animate Skeleton  |       |     2 |     2 ||     4
       Regeneration      |       |       |     4 ||     4
       Summon Small Mamm |       |       |     1 ||     1
       Vampiric Draining |       |       |     7 ||     7
Invok: Bend Time         |       |       |     2 ||     2
 Abil: Breathe Acid      |       |       |    33 ||    33
Evoke: Wand              |       |       |    16 ||    16
  Use: Potion            |     3 |     4 |     7 ||    14
       Scroll            |       |     1 |    11 ||    12
 Stab: Sleeping          |     2 |     2 |     3 ||     7
       Confused          |       |       |     2 ||     2
       Held in net/web   |       |       |     2 ||     2
  Eat: Chunk             |       |     3 |    12 ||    15
       Meat ration       |       |       |     1 ||     1
Armor: Skin              |    48 |    23 |   151 ||   222
Dodge: Dodged            |    54 |   102 |   357 ||   513
Block: Buckler           |       |       |   102 ||   102

Table legend:
 A = Spawn XP
 B = Non-spawn XP
 C = Spawn XP percentage of total XP
 D = Spawn monster count
 E = Non-spawn monster count
 F = Spawn count percentage of total count
 G = Total turns spent on level
                    A         B        C        D         E        F      G
               +---------+---------+-------+---------+---------+-------+---------
         Total |     241 |    4054 |   5.6 |      12 |     149 |   7.5 |  4333
               +---------+---------+-------+---------+---------+-------+---------
           D:1 |       1 |      27 |   3.6 |       1 |      15 |   6.2 |   262
           D:2 |       0 |      32 |   0.0 |       0 |      10 |   0.0 |   255
           D:3 |      91 |      74 |  55.2 |       5 |      17 |  22.7 |   506
           D:4 |      43 |     409 |   9.5 |       1 |      16 |   5.9 |   602
           D:5 |      76 |     298 |  20.3 |       2 |      10 |  16.7 |   477
           D:6 |       3 |     918 |   0.3 |       1 |      22 |   4.3 |   724
           D:7 |      14 |     731 |   1.9 |       1 |      17 |   5.6 |   652
           D:8 |      13 |    1404 |   0.9 |       1 |      35 |   2.8 |   543
           D:9 |       0 |     161 |   0.0 |       0 |       7 |   0.0 |   173
               +---------+---------+-------+---------+---------+-------+---------

Table legend:
 A = Turns spent in this place as a percentage of turns spent in the entire game.
 B = Non-inter-level travel turns spent in this place as a percentage of non-inter-level travel turns spent in the entire game.
 C = Inter-level travel turns spent in this place as a percentage of turns spent in this place.
 D = Turns resting spent in this place as a percentage of non-inter-level travel turns spent in this place.
 E = Turns spent auto-exploring this place as a percentage of non-inter-level travel turns spent in this place.
 F = Non-inter-level travel turns spent in this place divided by the number of levels of this place that you've seen.
                   A       B       C       D       E      F
               +-------+-------+-------+-------+-------+----------------------
         Total | 100.0 | 100.0 |   6.2 |   0.1 |   0.0 | 406.6
       Dungeon |  96.8 |  97.9 |   5.1 |   0.1 |   0.0 | 442.1
        Temple |   3.2 |   2.1 |  37.4 |   0.0 |   0.0 |  87.0
               +-------+-------+-------+-------+-------+----------------------

Table legend:
 A = Kills in this place as a percentage of kills in entire the game.
 B = Kills by you in this place as a percentage of kills by you in the entire game.
 C = Kills by friends in this place as a percentage of kills by friends in the entire game.
 D = Other kills in this place as a percentage of other kills in the entire game.
 E = Experience gained in this place as a percentage of experience gained in the entire game.
 F = Experience gained in this place divided by the number of levels of this place that you have seen.
                   A       B       C       D       E      F
               +-------+-------+-------+-------+-------+----------------------
         Total | 100.0 | 100.0 |   N/A |   N/A | 100.0 | 429.5
       Dungeon | 100.0 | 100.0 |   N/A |   N/A | 100.0 | 477.2
               +-------+-------+-------+-------+-------+----------------------

Vault maps used:
D:1:      minmay_arrival_shoal_huts, minmay_small_reverse_x
D:2:      minitemple
D:4:      kennysheep_little_box, old_standard_altar, temple_hall, first_bread,
          minmay_goblin_outpost, uniq_sigmund
D:5:      nicolae_overflow_hidden_temple, guppyfry_shop_venom
D:6:      uniq_menkaure
D:7:      grunt_livestock, kb_lookout_dungeons_type
D:8:      elyvilon_altar_4
D:9:      nicolae_overflow_crystal_walls
Temple:   regret_index_temple_sphere_string
